 Dungeon Crawl Stone Soup version 0.22.1-2-g9c5b331383 (webtiles) character file.

15933 Peloso the Carver (level 12, -2/106 HPs)
             Began as a Minotaur Fighter on Dec 5, 2018.
             Was a High Priest of Okawaru.
             Slain by a five-headed hydra (3 damage)
             ... on level 12 of the Dungeon.
             The game lasted 00:27:11 (12751 turns).

Peloso the Carver (Minotaur Fighter)               Turns: 12751, Time: 00:27:14

Health: -2/106     AC: 16    Str: 24    XL:     12   Next: 5%
Magic:  11/11      EV:  9    Int:  5    God:    Okawaru [*****.]
Gold:   733        SH: 14    Dex: 12    Spells: 11/11 levels left

rFire    . . .     SeeInvis .   a - +4 scimitar (flame)
rCold    . . .     Gourm    .   c - +1 shield
rNeg     . . .     Faith    .   r - +0 chain mail
rPois    +         Spirit   .   (helmet restricted)
rElec    .         Reflect  .   (no cloak)
rCorr    .         Harm     .   K - +2 pair of gloves
MR       .....                  y - +0 pair of boots {Fly}
Stlth    ..........             (no amulet)
HPRegen  0.27/turn              j - ring of stealth
MPRegen  0.12/turn              E - ring of poison resistance

@: flying
A: retaliatory headbutt, horns 2
a: Heroism, Finesse, Renounce Religion, Stop Flying


You were on level 12 of the Dungeon.
You worshipped Okawaru.
Okawaru was extremely pleased with you.
You were not hungry.

You visited 1 branch of the dungeon, and saw 12 of its levels.
You also visited: Sewer.

You collected 733 gold pieces.

Inventory:

Hand Weapons
 a - a +4 scimitar of flaming (weapon)
Armour
 b - a +0 scale mail
 c - a +1 shield (worn)
 r - a +0 chain mail (worn)
 y - a +0 pair of boots of flying (worn)
 K - a +2 pair of gloves (worn)
Jewellery
 j - a ring of stealth (left hand)
 s - an uncursed amulet of harm
 E - a ring of poison resistance (right hand)
Wands
 i - a wand of acid (8)
 l - a wand of random effects (31)
 q - a wand of flame (71)
 D - a wand of clouds (4)
 F - a wand of polymorph (21)
 H - a wand of scattershot (5)
 I - a wand of disintegration (16)
Scrolls
 e - 3 scrolls of identify
 g - a scroll of magic mapping
 k - a scroll of fog
 m - 9 scrolls of remove curse
 o - a scroll of vulnerability {unknown}
 p - 3 scrolls of enchant weapon
 u - 3 scrolls of enchant armour
 v - a scroll of noise
 x - 11 scrolls of teleportation
Potions
 d - a potion of might
 h - a potion of magic
 n - 2 potions of haste
 t - 3 potions of cancellation
 w - a potion of agility
 z - 2 potions of curing
 A - a potion of flight
 B - a potion of brilliance {unknown}
 C - a potion of degeneration {unknown}
 G - 3 potions of lignification {unknown}
Comestibles
 f - 25 rations
 J - 2 chunks of flesh


   Skills:
 + Level 9.7 Fighting
 + Level 14.2 Long Blades
 + Level 10.9 Armour
 + Level 3.9 Dodging
 + Level 0.9 Stealth
 + Level 11.7 Shields
 + Level 1.2 Invocations
 + Level 0.3 Evocations


You had 11 spell levels left.
You didn't know any spells.
Your spell library contained the following spells:

 Spells                   Type           Power        Failure   Level  Hunger
 Beastly Appendage        Tmut           #.....       99%         1    ##.....
 Magic Dart               Conj           #...         99%         1    ##.....
 Sandblast                Erth           #.....       99%         1    ##.....
 Blink                    Tloc           N/A          99%         2    ###....
 Call Imp                 Summ           #.......     99%         2    ###....
 Passwall                 Tmut/Erth      #.......     99%         2    ###....
 Slow                     Hex            #.......     99%         2    ###....
 Sticks to Snakes         Tmut           #.......     99%         2    ###....
 Conjure Flame            Conj/Fire      #.......     100%        3    ####...
 Mephitic Cloud           Conj/Pois/Air  #.......     100%        3    ####...
 Spider Form              Tmut/Pois      #.........   100%        3    ####...
 Stone Arrow              Conj/Erth      #.....       100%        3    ####...
 Ice Form                 Ice/Tmut       #.......     100%        4    #####..
 Petrify                  Tmut/Erth      #.......     100%        4    #####..
 Blade Hands              Tmut           #.........   100%        5    ######.
 Lee's Rapid Deconstruct  Erth           #.........   100%        5    ######.
 Silence                  Hex/Air        #.........   100%        5    ######.
 Shadow Creatures         Summ           N/A          100%        6    #######
 Dragon's Call            Summ           #.........   100%        9    #######


Dungeon Overview and Level Annotations

Branches:
Dungeon (12/15)            Temple (0/1) D:5            Lair (0/6) D:8
    Orc (0/2) D:11

Altars:
Cheibriados
Dithmenos
Elyvilon
Hepliaklqana
Nemelex Xobeh
Okawaru
Ru
Sif Muna
Trog
Uskayaw
Xom
Yredelemnul
Zin
The Shining One

Shops:
D:6 (   D:7 (   D:9 *   D:10 [

Annotations:
D:12 exclusion: obsidian statue


Innate Abilities, Weirdness & Mutations

You reflexively headbutt those who attack you in melee.
You have a pair of horns on your head.


Message History

* * * LOW HITPOINT WARNING * * *
Two slime creatures merge to form a large slime creature.
Okay, then.
A large slime creature splits.
Two slime creatures merge to form a large slime creature.
A five-headed hydra comes into view.
The five-headed hydra roars!
The centaur zombie closely misses you.
A slime creature suddenly becomes a large slime creature.
You block the centaur zombie's attack.
Found a stone staircase leading down and a stone staircase leading up.
Found a stone staircase leading down.
An orc comes into view. It is wielding a mace.
The orc shouts!
An orc comes into view. It is wielding a hand axe.
The five-headed hydra bites you but does no damage.
The five-headed hydra bites you.
* * * LOW HITPOINT WARNING * * *
The five-headed hydra bites you.
You die...

#..........o
#...........
#...........
#.........o. ...!....#
#.........>. ........#
#........... ..>.....#
#........... ........#
#..Z@....... ........#
#...D.......
........#####J..........
.......(...J.........>..
............Y...........
.....)..###.............
.%....J.# #..........<##
......(J# #..#####..#.#
......(.# #§§..≈....#.#


You could see a five-headed hydra, a large slime creature, a slime creature, an
ice beast, 2 orcs and a centaur zombie.

Vanquished Creatures
  Erolcha (D:11)
  Harold (D:7)
  A hydra (D:11)
  3 two-headed ogres
  Erica (D:9)
  Pikel (D:7)
  An orc sorcerer (D:10)
  A cyclops (D:12)
  2 centaur zombies
  A kobold demonologist (D:12)
  A komodo dragon (D:8)
  A troll (D:11)
  2 polar bears (D:11)
  A hornet (D:8)
  4 hippogriffs
  8 yaks
  A wraith (D:11)
  4 hungry ghosts
  2 soldier ants (D:8)
  2 orc warriors (D:8)
  4 sky beasts
  A black bear (D:9)
  2 slaves (D:8)
  5 ice beasts
  7 ogres
  A wolf (D:11)
  10 centaurs
  A crocodile (Sewer)
  Blork the orc (D:5)
  3 bullfrogs
  A wyvern zombie (D:8)
  2 scorpions
  A wyvern skeleton (D:12)
  6 wights (D:11)
  2 electric eels (D:11)
  5 howler monkeys
  2 bullfrog zombies
  6 crimson imps
  2 quasits
  7 orc priests
  6 hounds
  A bullfrog skeleton (D:5)
  A jelly (D:9)
  5 orc wizards
  A centaur skeleton (D:7)
  A gnoll shaman (D:7)
  An iron imp (D:7)
  Ijyb (D:3)
  2 iguanas
  10 worker ants
  6 ogre zombies (D:11)
  A centaur simulacrum (D:11)
  2 worker ant zombies
  Robin (D:3)
  3 gnolls (D:7)
  7 adders
  3 shadow imps
  7 white imps (D:11)
  A howler monkey simulacrum (D:11)
  2 ufetubi (D:11)
  3 adder skeletons
  An adder zombie (D:9)
  2 worms
  8 dart slugs
  A leopard gecko (D:9)
  34 orcs
  4 bats
  7 giant cockroaches
  11 goblins
  9 hobgoblins
  11 jackals
  9 kobolds
  2 quokkas (D:8)
  2 ball pythons (D:5)
  5 frilled lizards
  5 goblin zombies (D:11)
  2 hobgoblin zombies (D:11)
  A leopard gecko zombie (D:6)
  2 orc skeletons (D:11)
  10 orc zombies (D:11)
  3 quokka skeletons
  8 rats
310 creatures vanquished.

Vanquished Creatures (others)
  A slave (D:8)
  A crimson imp (D:8)
  An orc wizard (D:8)
  An adder (D:8)
  A leopard gecko (D:8)
  An orc (D:11)
  3 jackals (D:8)
  A quokka zombie (D:8)
  A plant (D:8)
11 creatures vanquished.

Grand Total: 321 creatures vanquished

Notes
Turn   | Place    | Note
-------+----------+-------------------------------------------
     0 | D:1      | Peloso the Minotaur Fighter began the quest for the Orb.
     0 | D:1      | Reached XP level 1. HP: 19/19 MP: 0/0
    62 | D:1      | Reached XP level 2. HP: 27/27 MP: 1/1
   447 | D:1      | Reached XP level 3. HP: 30/33 MP: 2/2
   459 | D:1      | Found a sparkling altar of Nemelex Xobeh.
   487 | D:1      | Reached skill level 3 in Long Blades
   879 | D:2      | Found an iron altar of Okawaru.
   886 | D:2      | Became a worshipper of Warmaster Okawaru
  1172 | D:2      | Reached XP level 4. HP: 30/40 MP: 3/3
  1348 | D:3      | Noticed Robin
  1359 | D:3      | Killed Robin
  1407 | D:3      | Noticed Ijyb
  1425 | D:3      | Killed Ijyb
  1425 | D:3      | Reached * piety under Okawaru
  1723 | D:3      | Reached XP level 5. HP: 38/47 MP: 4/4
  1732 | D:3      | Reached skill level 1 in Dodging
  1924 | D:3      | Reached skill level 4 in Long Blades
  1926 | D:3      | Reached skill level 5 in Shields
  1927 | D:3      | Reached skill level 5 in Armour
  2520 | D:4      | Reached XP level 6. HP: 53/53 MP: 5/5
  2693 | D:4      | Reached skill level 5 in Long Blades
  2776 | D:4      | Reached XP level 7. HP: 48/60 MP: 3/6
  2804 | D:4      | Reached ** piety under Okawaru
  3094 | D:4      | Found a glowing golden altar of the Shining One.
  3094 | D:4      | Found a white marble altar of Elyvilon.
  3102 | D:4      | Found a glowing silver altar of Zin.
  3202 | D:5      | Entered Level 5 of the Dungeon
  3210 | D:5      | Reached skill level 6 in Long Blades
  3471 | D:5      | Found a staircase to the Ecumenical Temple.
  3479 | D:5      | Noticed Blork the orc
  3485 | D:5      | Killed Blork the orc
  3590 | D:5      | Reached skill level 7 in Long Blades
  3633 | D:5      | Found a glowing drain.
  3643 | D:5      | Reached XP level 8. HP: 57/67 MP: 7/7
  3648 | Sewer    | Entered a sewer
  3928 | D:5      | Found a bloodstained altar of Trog.
  4093 | D:5      | Reached skill level 5 in Fighting
  4221 | D:5      | Reached *** piety under Okawaru
  4482 | D:6      | Found Aggoh's Weapon Shoppe.
  4581 | D:6      | Found a shimmering altar of Xom.
  4624 | D:6      | Reached skill level 8 in Long Blades
  4855 | D:6      | Found a sacrificial altar of Ru.
  5194 | D:7      | Found Piehiegy's Antique Weapon Emporium.
  5247 | D:7      | Noticed a hippogriff
  5304 | D:7      | Killed a hippogriff
  5304 | D:7      | Reached skill level 9 in Long Blades
  5818 | D:7      | Reached XP level 9. HP: 74/75 MP: 8/8
  6081 | D:7      | Noticed Harold
  6114 | D:7      | Killed Harold
  6114 | D:7      | Reached **** piety under Okawaru
  6114 | D:7      | Reached skill level 10 in Long Blades
  6468 | D:7      | Found a hazy altar of Hepliaklqana.
  6598 | D:7      | Found a snail-covered altar of Cheibriados.
  6815 | D:7      | Found a basalt altar of Yredelemnul.
  7014 | D:8      | Noticed Pikel
  7035 | D:7      | Killed Pikel
  7079 | D:8      | Got a twisted shield
  7085 | D:8      | Identified the cursed -4 shield "Deosk" {rCorr} (You found
                  | it on level 8 of the Dungeon)
  7568 | D:8      | Reached XP level 10. HP: 45/86 MP: 9/9
  7859 | D:8      | Noticed a two-headed ogre
  7873 | D:8      | Killed a two-headed ogre
  7873 | D:8      | Reached ***** piety under Okawaru
  7873 | D:8      | Reached skill level 11 in Long Blades
  8073 | D:8      | Found a staircase to the Lair.
  8166 | D:8      | Paralysed by a hornet for 2 turns
  8176 | D:8      | Reached skill level 1 in Invocations
  8762 | D:8      | Found a shadowy altar of Dithmenos.
  8762 | D:8      | Found a deep blue altar of Sif Muna.
  8942 | D:9      | Noticed Erica
  8968 | D:9      | Killed Erica
  8968 | D:9      | Received a gift from Okawaru
  8968 | D:9      | Reached skill level 10 in Shields
  9315 | D:9      | Found a hide-covered altar of Uskayaw.
  9473 | D:9      | Reached skill level 12 in Long Blades
  9542 | D:9      | Found Muasa's Assorted Antiques.
 10307 | D:10     | Entered Level 10 of the Dungeon
 10348 | D:10     | Noticed an orc sorcerer
 10362 | D:10     | Killed an orc sorcerer
 10362 | D:10     | Reached skill level 10 in Armour
 10585 | D:10     | Identified the Disquisition on Companions and
                  | Weightlessness
 11125 | D:10     | Reached XP level 11. HP: 79/94 MP: 10/10
 11180 | D:10     | Found Heaqezoc's Antique Armour Shoppe.
 11372 | D:11     | Found a deep blue altar of Sif Muna.
 11428 | D:11     | Reached skill level 13 in Long Blades
 11521 | D:11     | Noticed a two-headed ogre
 11525 | D:11     | Killed a two-headed ogre
 11636 | D:11     | Received a gift from Okawaru
 11725 | D:11     | Found a staircase to the Orcish Mines.
 11772 | D:11     | Noticed an eight-headed hydra
 11785 | D:11     | Killed a two-headed hydra
 12643 | D:11     | Noticed Erolcha
 12653 | D:11     | Killed Erolcha
 12653 | D:11     | Reached skill level 14 in Long Blades
 12699 | D:12     | Noticed an obsidian statue
 12701 | D:12     | Noticed a sun demon
 12703 | D:12     | Noticed a rakshasa
 12718 | D:12     | Noticed a two-headed ogre
 12729 | D:12     | Killed a two-headed ogre
 12729 | D:12     | Reached XP level 12. HP: 73/106 MP: 11/11
 12741 | D:12     | HP: 3/106 [centaur zombie (6)]
 12745 | D:12     | Noticed a five-headed hydra
 12751 | D:12     | HP: 1/106 [five-headed hydra (5)]
 12751 | D:12     | Slain by a five-headed hydra

Skill      XL: |  1  2  3  4  5  6  7  8  9 10 11 |
---------------+----------------------------------+-----
Shields        | 4 5 6 7 8 10 11 | 11.7
Fighting       | 4 5 7 8 9 |  9.7
Armour         | 4 5 6 7 9 10 | 10.9
Long Blades    | 3 4 5 7 9 10 12 14 | 14.2
Dodging        | 1 2 3 |  3.9
Invocations    | 1 |  1.2
Stealth        | |  0.9
Evocations     | |  0.3

Action                   |  1- 3 |  4- 6 |  7- 9 | 10-12 || total
-------------------------+-------+-------+-------+-------++-------
Melee: Long sword        |    91 |   130 |   361 |   105 ||   687
       Headbutt          |    15 |    20 |    72 |   108 ||   215
       Scimitar          |       |       |       |   344 ||   344
Invok: Heroism           |       |     1 |     3 |     5 ||     9
Evoke: Wand              |       |       |       |     4 ||     4
  Use: Scroll            |       |       |    11 |    10 ||    21
       Potion            |       |       |     1 |     4 ||     5
  Eat: Chunk             |       |     6 |    12 |    17 ||    35
       Ration            |       |       |     1 |     1 ||     2
Armor: Scale mail        |    48 |    33 |       |       ||    81
       Chain mail        |       |    34 |   119 |   127 ||   280
Dodge: Dodged            |    20 |    30 |    76 |   101 ||   227
Block: Shield            |    58 |    85 |   183 |   248 ||   574
       Rpst.: Long sword |     5 |    10 |    21 |     5 ||    41
       Scimitar          |       |       |       |    23 ||    23
